 Dungeon Crawl Stone Soup version 0.29.1-12-g30fa7ad0bf (webtiles) character file.

Game seed: 13656583930751278020

5693 EarthwalkerPL the Fighter (level 10, -5/94 HPs)
             Began as a Minotaur Fighter on Jan 4, 2023.
             Was a Priest of Okawaru.
             Slain by a large abomination (31 damage)
             ... on level 1 of the Abyss.
             The game lasted 00:18:47 (9161 turns).

EarthwalkerPL the Fighter (Minotaur Fighter)        Turns: 9161, Time: 00:18:48

Health: -5/94      AC: 15    Str: 30    XL:     10   Next: 47%
Magic:  9/9        EV: 13    Int:  5    God:    Okawaru [***...]
Gold:   522        SH: 10    Dex: 11    Spells: 9/9 levels left

rFire   . . .      SeeInvis .   w - +0 broad axe
rCold   + . .      Faith    .   b - +0 kite shield
rNeg    . . .      Spirit   .   G - +3 scale mail {rC+}
rPois   .          Reflect  .   (helmet restricted)
rElec   .          Harm     .   (no cloak)
rCorr   .          Rampage  .   (no gloves)
Will    .....                   P - +2 pair of boots
Stlth   ..........              (no amulet)
HPRegen 0.00/turn               g - +4 ring of evasion
MPRegen 0.11/turn               N - +6 ring of strength

@: sick
A: horns 2, retaliatory headbutt
a: Renounce Religion, Heroism


You were on level 1 of the Abyss.
You worshipped Okawaru.
Okawaru was most pleased with you.
You visited 2 branches of the dungeon, and saw 10 of its levels.
You visited the Abyss 1 time.

You collected 522 gold pieces.

Inventory:

Hand Weapons
 a - a +0 war axe
 w - a +0 broad axe (weapon)
 Q - a +2 war axe of freezing
Missiles
 s - 19 poisoned darts (quivered)
 x - 6 curare-tipped darts
 B - 2 throwing nets
Armour
 b - a +0 kite shield (worn)
 c - a +0 buckler
 E - a +0 plate armour
 G - a +3 scale mail of cold resistance (worn)
 P - a +2 pair of boots (worn)
Jewellery
 g - a +4 ring of evasion (left hand)
 r - a +6 ring of dexterity
 t - a ring of positive energy
 z - a ring of willpower
 D - a ring of positive energy
 L - a ring of protection from fire
 N - a +6 ring of strength (right hand)
Wands
 q - a wand of mindburst (19)
 C - a wand of paralysis (9)
Scrolls
 e - 3 scrolls of enchant armour {unknown}
 i - 2 scrolls of vulnerability {unknown}
 j - 5 scrolls of noise {unknown}
 k - 10 scrolls of identify {unknown}
 m - a scroll of torment {unknown}
 n - 3 scrolls of teleportation {unknown}
 y - 2 scrolls of fog {unknown}
 H - 2 scrolls of silence {unknown}
 I - a scroll of poison {unknown}
 K - 3 scrolls of blinking {unknown}
 M - 2 scrolls of immolation {unknown}
 O - a scroll of magic mapping {unknown}
Potions
 d - 2 potions of might
 f - 2 potions of berserk rage
 h - a potion of ambrosia
 l - 2 potions of resistance {unknown}
 o - 3 potions of curing
 p - 4 potions of heal wounds {unknown}
 u - a potion of flight {unknown}
 v - 2 potions of invisibility {unknown}
 A - a potion of haste
 F - 2 potions of lignification {unknown}
 J - a potion of attraction {unknown}


   Skills:
 * Level 10.7 Fighting
 * Level 10.3 Axes
 * Level 10.7 Armour
 + Level 8.1 Shields


You had 9 spell levels left.
You didn't know any spells.
Your spell library contained the following spells:

 Spells                   Type           Power      Damage    Failure   Level
 Dazzling Flash           Conj/Hex       0%         N/A       100%        3
 Gell's Gravitas          Tloc           0%         N/A       100%        3
 Teleport Other           Tloc           0%         N/A       100%        3
 Iskenderun's Mystic Bla  Conj/Tloc      0%         2d3       100%        4
 Dispersal                Tloc           0%         N/A       100%        6
 Starburst                Conj/Fire      0%         6d3       100%        6
 Disjunction              Tloc           0%         N/A       100%        8


Dungeon Overview and Level Annotations

Branches:
Dungeon (9/15)             Temple (1/1) D:7            Lair (0/5) D:8
    Orc: D:9-12

Altars:
Ashenzari
Cheibriados
Dithmenos
Elyvilon
Fedhas
Gozag
Hepliaklqana
Kikubaaqudgha
Makhleb
Nemelex Xobeh
Okawaru
Qazlal
Ru
Sif Muna
Trog
Uskayaw
Vehumet
Wu Jian
Xom
Yredelemnul
Zin
The Shining One

Annotations:
D:8 Erolcha


Innate Abilities, Weirdness & Mutations

You have a pair of horns on your head.
You reflexively headbutt those who attack you in melee.


Message History

Found a corrupted altar of Lugonu.
An ancient zyme comes into view.
You feel yourself growing ill in the presence of the ancient zyme.
The ancient zyme hits you but does no damage.
The ancient zyme misses you.
You feel ill.
You slice the ancient zyme!! You headbutt the ancient zyme!
The ancient zyme is severely damaged.
The ancient zyme hits you. The ancient zyme closely misses you.
You feel ill.
You barely miss the ancient zyme.
The ancient zyme is severely damaged.
The ancient zyme hits you!
The ancient zyme hits you but does no damage.
You slash the ancient zyme!
The ancient zyme is almost destroyed.
You block the ancient zyme's attack. The ancient zyme hits you.
You slash the iron imp!
You kill the iron imp!
Okawaru accepts your kill.
You hit the ancient zyme. The ancient zyme closely misses you.
You block the ancient zyme's attack.
You hit the ancient zyme.
You destroy the ancient zyme!
Okawaru accepts your kill.
You hit the large abomination but do no damage.
The large abomination hits you.
You hit the large abomination but do no damage.
The large abomination hits you!!
You closely miss the large abomination. The large abomination hits you!!
* * * LOW HITPOINT WARNING * * *
Unknown command.
You hit the large abomination but do no damage.
You headbutt the large abomination, but do no damage.
The large abomination closely misses you.
You furiously retaliate!
You headbutt the large abomination, but do no damage.
You slice the large abomination!! You headbutt the large abomination.
The large abomination is heavily damaged.
The large abomination hits you!!
You die...

### #. .#
#..#...#
#..X. #
..5##
##.##.###
# ..#..#
# ##.##
####X.##
#..@..#
#_.##..#
.....
#.##
..#.... #
# #....
.....#
###..#
...


You could see a large abomination.

Vanquished Creatures
  2 two-headed ogres
  An ancient zyme (Abyss:1)
  A shadow (D:9)
  4 yaks (D:8)
  A steam dragon (D:7)
  Duvessa (D:6)
  An ice beast (D:5)
  3 ogres
  4 orc warriors
  4 centaurs
  3 kobold brigands (D:9)
  2 gnoll sergeants (D:8)
  A bullfrog (D:8)
  A necrophage (D:4)
  3 scorpions
  7 wights
  Dowan (D:6)
  4 killer bees (D:9)
  A howler monkey (D:4)
  3 electric eels (D:8)
  2 gnoll boudas
  A jelly (D:6)
  A crimson imp (D:7)
  4 orc priests
  3 hounds
  An iron imp (Abyss:1)
  An iguana (D:6)
  7 orc wizards
  Robin (D:2)
  14 gnolls
  6 adders
  2 shadow imps
  6 white imps
  3 ufetubi
  6 dart slugs
  30 orcs
  4 ball pythons
  5 bats
  4 endoplasms
  A giant cockroach (D:2)
  6 hobgoblins
  3 jackals (D:3)
  11 kobolds
  A quokka (D:4)
  4 frilled lizards
  15 goblins
  9 rats
199 creatures vanquished.

Vanquished Creatures (others)
  3 fungi (D:8)
  10 plants (D:8)
13 creatures vanquished.

Grand Total: 212 creatures vanquished

Notes
Turn   | Place    | Note
-------+----------+-------------------------------------------
     0 | D:1      | EarthwalkerPL the Minotaur Fighter began the quest for the
                  | Orb.
     0 | D:1      | Reached XP level 1. HP: 19/19 MP: 0/0
   266 | D:1      | Reached XP level 2. HP: 27/27 MP: 1/1
  1210 | D:2      | Reached XP level 3. HP: 33/33 MP: 2/2
  1284 | D:2      | Found a faded altar of an unknown god.
  1324 | D:2      | Noticed Robin
  1330 | D:2      | Killed Robin
  1488 | D:2      | Found a blossoming altar of Fedhas.
  1639 | D:3      | Found a shimmering blue altar of Sif Muna.
  1641 | D:3      | Found a white marble altar of Elyvilon.
  1681 | D:3      | Reached XP level 4. HP: 41/41 MP: 3/3
  2430 | D:4      | Noticed a scorpion
  2436 | D:4      | Killed a scorpion
  2437 | D:4      | Reached XP level 5. HP: 43/47 MP: 4/4
  2848 | D:5      | Entered Level 5 of the Dungeon
  2877 | D:5      | Reached skill level 5 in Armour
  3022 | D:5      | Noticed an ogre
  3027 | D:5      | Killed an ogre
  3028 | D:5      | Reached skill level 5 in Fighting
  3030 | D:5      | Reached XP level 6. HP: 55/56 MP: 5/5
  3046 | D:5      | Found a radiant altar of Vehumet.
  3046 | D:5      | Noticed an ice beast
  3054 | D:5      | Killed an ice beast
  3233 | D:4      | Reached skill level 5 in Axes
  3417 | D:5      | Reached XP level 7. HP: 51/62 MP: 6/6
  3647 | D:4      | Reached skill level 5 in Shields
  4180 | D:5      | You fall into a shaft and drop 1 floor!
  4369 | D:6      | Noticed a two-headed ogre
  4379 | D:6      | Killed a two-headed ogre
  4380 | D:6      | Reached XP level 8. HP: 46/73 MP: 7/7
  4735 | D:6      | Noticed Dowan
  4742 | D:6      | Noticed Duvessa
  4752 | D:6      | Killed Duvessa
  4759 | D:6      | Killed Dowan
  4865 | D:6      | Reached XP level 9. HP: 81/81 MP: 8/8
  5326 | D:7      | Found a staircase to the Ecumenical Temple.
  5342 | Temple   | Entered the Ecumenical Temple
  5364 | Temple   | Became a worshipper of Warmaster Okawaru
  5515 | D:7      | Identified the +9 quarterstaff of the Boiling Point
                  | {antimagic, rElec rN+ Str-3}
  5672 | D:7      | Found a stormy altar of Qazlal.
  5672 | D:7      | Found a shimmering altar of Xom.
  5795 | D:7      | Found a burning altar of Makhleb.
  6009 | D:8      | Reached * piety under Okawaru
  6039 | D:8      | Noticed a two-headed ogre
  6434 | D:8      | Found a basalt altar of Yredelemnul.
  6659 | D:7      | Killed a two-headed ogre
  7095 | D:8      | Reached ** piety under Okawaru
  7310 | D:8      | Found a staircase to the Lair.
  7316 | D:8      | Reached XP level 10. HP: 90/92 MP: 9/9
  7319 | D:8      | Reached skill level 10 in Fighting
  7319 | D:8      | Reached skill level 10 in Armour
  7593 | D:8      | Identified the +1 short sword "Worm" {flame, *Rage +Blink
                  | Dex+9}
  7687 | D:8      | Identified the +2 robe of Anaesthesia {rElec rPois rF+
                  | Int+3}
  7952 | D:9      | Reached skill level 10 in Axes
  7988 | D:9      | Reached *** piety under Okawaru
  8567 | D:9      | Noticed Erolcha
  8968 | Abyss:1  | Cast into level 1 of the Abyss (Erolcha)
  9149 | Abyss:1  | Found a corrupted altar of Lugonu.
  9161 | Abyss:1  | Slain by a large abomination

Illustrated notes

Levels and vault maps discovered:
D:1:      dpeg_arrival_short_road, layout_basic, serial_forest,
          infiniplex_forest_clump_curved, infiniplex_forest_lined_2,
          infiniplex_forest_zigzag_2, infiniplex_forest_end_1,
          infiniplex_forest_lined_room_, infiniplex_forest_clump_double,
          hangedman_glass_teeth, minmay_stone_trees_small
D:2:      layout_rooms, dreamdust_ecumenical_altar_hidden_monk_grotto,
          basic_altar, minmay_ruptured, uniq_robin
D:3:      cheibrodos_old_hovel, layout_basic,
          mainiacjoe_overflow_concentric_impassable,
          mainiacjoe_overflow_cross_hatched, corexii_corridor_pit
D:4:      layout_cave_pools, kennysheep_flooded_box, kennysheep_big_empty_room
D:5:      layout_loops_cross, nicolae_vehumet_altar_sigil,
          minmay_fractal_squares_diagonal_5
D:6:      layout_cave_pools, uniq_duvessa
D:7:      layout_cave_pools, makhleb_grotto_becter,
          gammafunk_temple_overflow_elements, minmay_temple_entry_statues
D:8:      minmay_general_purpose_star, layout_cave_pools, kennysheep_mini_moat,
          dpeg_oklobed_lair, serial_bayou_lake_a
D:9:      layout_rooms, minivault_7, uniq_erolcha
Temple:   hellmonk_temple_two_chambers
Abyss:1:  base:
D:4

Skill      XL: |  1  2  3  4  5  6  7  8  9 10 |
---------------+-------------------------------+-----
Armour         | 4 5 6 7 8 9 10 | 10.7
Fighting       | 4 5 7 8 9 10 | 10.7
Axes           | 3 4 5 7 9 10 | 10.3
Shields        | 4 6 7 8 |  8.1

Action                   |  1- 3 |  4- 6 |  7- 9 | 10-12 || total
-------------------------+-------+-------+-------+-------++-------
Melee: War axe           |    68 |    38 |       |       ||   106
       Headbutt          |     8 |    10 |    33 |    21 ||    72
       Broad axe         |       |    34 |   189 |   142 ||   365
Throw: Dart              |       |     3 |     7 |     6 ||    16
  Use: Potion            |       |       |       |     1 ||     1
Armor: Scale mail        |    19 |    30 |    69 |    55 ||   173
Dodge: Dodged            |    42 |    62 |   113 |    72 ||   289
Block: Buckler           |    12 |    26 |    55 |     5 ||    98
       Kite shield       |       |       |       |    66 ||    66
